 Dungeon Crawl Stone Soup version 0.19-a0-450-g98b348d (webtiles) character file.

2 Kilingo the Digger (level 1, 0/10 HPs)
             Began as a Gargoyle Earth Elementalist on June 1, 2016.
             Slain by a hobgoblin (1 damage)
             ... on level 1 of the Dungeon.
             The game lasted 00:03:27 (246 turns).

Kilingo the Digger (Gargoyle Earth Elementalist)     Turns: 246, Time: 00:03:28

Health: 0/10       AC:  4    Str: 11    XL:     1   Next: 30%
Magic:  0/3        EV: 12    Int: 15    God:
Gold:   73         SH:  0    Dex:  8    Spells: 1 memorised, 3 levels left

rFire  . . .     SeeInvis .     (no weapon)
rCold  . . .     Gourm    .     e - +0 robe
rNeg   + . .     Faith    .     (no shield)
rPois  ∞         Spirit   .     (no helmet)
rElec  +         Dismiss  .     (no cloak)
rCorr  .         Reflect  .     (no gloves)
SustAt .         Harm     .     (no boots)
MR     .....                    (no amulet)
Stlth  +.........               (no ring)
                                (no ring)

@: not resistant to hostile enchantments, very unstealthy
A: hooves 1, clumsy 1, negative energy resistance 1, electricity resistance,
unbreathing, petrification resistance, rot immunity, AC +2
a: no special abilities


You were on level 1 of the Dungeon.
You were not hungry.

You visited 1 branch of the dungeon, and saw 1 of its levels.

You collected 73 gold pieces.

Inventory:

Missiles
 b - 37 stones (quivered)
Armour
 e - a +0 robe (worn)
 i - a +0 ring mail
Jewellery
 g - a cursed ring of loudness {unknown}
Scrolls
 a - a scroll of teleportation {unknown}
Books
 c - a book of Geomancy

   Spells                             Type                      Level
   a - Sandblast                      Earth                        1
   b - Passwall                       Transmutation/Earth          2
   c - Stone Arrow                    Conjuration/Earth            3
   d - Petrify                        Transmutation/Earth          4
   e - Lee's Rapid Deconstruction     Earth                        5
Comestibles
 d - a bread ration
 h - a beef jerky


   Skills:
 + Level 0.7 Armour
 - Level 1.5 Dodging
 - Level 2.1 Stealth
 - Level 2.0 Spellcasting
   Level 0.7 Transmutations
 - Level 3.6 Earth Magic


You had 3 spell levels left.
You knew the following spells:

 Your Spells              Type           Power        Failure   Level  Hunger
a - Sandblast             Erth           ##....       6%          1    #......


Dungeon Overview and Level Annotations

Branches:
Dungeon (1/15)

Altars:


Innate Abilities, Weirdness & Mutations

You are resistant to torment.
Your stone body is resilient. (AC +2)
You are immune to poison.
You resist negative energy. (rN+)
You are resistant to electric shocks. (rElec)
You can survive without breathing.
You are immune to petrification.
You are immune to rotting.
You have large cloven feet.
You are clumsy. (Dex -2)


Message History

The bat closely misses you. The bat hits you but does no damage.
The bat hits you. The bat hits you but does no damage.
Casting: Sandblast
Confirm with . or Enter, or press ? or * to list all spells.
Aiming: Sandblast
Press: ? - help, Shift-Dir - straight line, f/p - bat
Aim: a bat The blast of sand misses the bat.
The bat hits you. The bat hits you but does no damage. The bat misses you.
The bat misses you. The bat closely misses you.
You open the door. The bat misses you. The bat barely misses you.
The hobgoblin hits you.
* * * LOW HITPOINT WARNING * * *
The bat closely misses you. The bat barely misses you.
There is an open door here.
It was a potion of mutation.
You feel extremely strange.
Your feet thicken and deform.
You feel clumsy. The bat misses you. The hobgoblin hits you.
You die...

######################
...................)).
...................†..
########g..############.
####......@b...#### .
####.........#.......####
##.......####.####.......##
##.....####....#..####.....##
##....###.......#.....###....##
#....##.....#####.#.....##....#
#...##....###...#.###....##...##
....#....##.....#...##....#....#
...##...##...##.##...##...##...#


You could see a hobgoblin and a bat.

Vanquished Creatures
  A bat (D:1)
  A kobold (D:1)
  A rat (D:1)
3 creatures vanquished.

Notes
Turn   | Place    | Note
--------------------------------------------------------------
     0 | D:1      | Kilingo the Gargoyle Earth Elementalist began the quest for the Orb.
     0 | D:1      | Reached XP level 1. HP: 10/10 MP: 3/3
   246 | D:1      | Gained mutation: You have large cloven feet. [potion of mutation]
   246 | D:1      | Gained mutation: You are clumsy. (Dex -2) [potion of mutation]
   246 | D:1      | Slain by a hobgoblin

Vault maps used:
D:1:      dpeg_arrival_circle_labyrinth_a

Action                   || total
-------------------------++-------
Melee: Unarmed           ||    13
 Cast: Sandblast         ||     6
  Use: Potion            ||     1
Armor: Robe              ||    15
Dodge: Dodged            ||    31
